 Dungeon Crawl Stone Soup version 0.22.1-2-g9c5b331383 (webtiles) character file.

2237 grot the Cleaver (level 9, -1/79 HPs)
             Began as a Hill Orc Abyssal Knight on Nov 25, 2018.
             Was a Priest of Lugonu.
             Slain by a bullfrog (3 damage)
             ... on level 7 of the Dungeon on Nov 26, 2018.
             The game lasted 01:21:32 (9914 turns).

grot the Cleaver (Hill Orc Abyssal Knight)          Turns: 9914, Time: 01:21:34

Health: -1/79      AC: 12    Str: 17    XL:     9   Next: 36%
Magic:  14/14      EV:  9    Int: 12    God:    Lugonu [***...]
Gold:   397        SH:  0    Dex: 11    Spells: 8/8 levels left

rFire    . . .     SeeInvis .   E - +0 war axe
rCold    . . .     Gourm    .   (no shield)
rNeg     . . .     Faith    .   Q - +0 scale mail
rPois    .         Spirit   .   u - +0 helmet
rElec    .         Reflect  .   (no cloak)
rCorr    .         Harm     .   J - +2 pair of gloves
MR       .....                  (no boots)
Stlth    ..........             y - amulet of magic regeneration
HPRegen  0.23/turn              (no ring)
MPRegen  0.39/turn              (no ring)

@: lethally poisoned (-1 -> -5), flying
A: no striking features
a: Depart the Abyss, Bend Space, Banish, Renounce Religion


You were on level 7 of the Dungeon.
You worshipped Lugonu.
Lugonu was most pleased with you.
You were near starving.

You visited 2 branches of the dungeon, and saw 8 of its levels.
You visited the Abyss 1 time.

You collected 397 gold pieces.

Inventory:

Hand Weapons
 a - a +1 hand axe
 h - a +2 dagger of protection
 o - a cursed -2 dagger
 p - a +0 hunting sling
 x - a +2 spear of venom
 D - a +0 broad axe
 E - a +0 war axe (weapon)
Missiles
 j - 63 poisoned needles
 w - 139 stones (quivered)
Armour
 f - a +0 scale mail
 u - a +0 helmet (worn)
 B - a +0 ring mail
 J - a +2 pair of gloves (worn)
 Q - a +0 scale mail (worn)
Jewellery
 m - an uncursed ring of positive energy {unknown}
 y - an amulet of magic regeneration (around neck)
 L - a cursed ring of attention {unknown}
 N - an uncursed ring of resist corrosion {unknown}
Wands
 b - a wand of flame (54)
 z - a wand of random effects (78)
 G - a wand of iceblast (6)
 K - a wand of polymorph (10)
Scrolls
 e - a scroll of immolation {unknown}
 v - a scroll of enchant weapon {unknown}
 A - 3 scrolls of identify
 C - 2 scrolls of enchant armour
 F - a scroll of fog {unknown}
 H - 3 scrolls of remove curse
 I - 2 scrolls of magic mapping
 O - a scroll of silence {unknown}
 S - a scroll of amnesia {unknown}
Potions
 d - 3 potions of degeneration
 g - a potion of mutation {unknown}
 i - a potion of resistance {unknown}
 k - a potion of brilliance
 n - a potion of might
 q - a potion of invisibility {unknown}
 r - a potion of haste {unknown}
 t - a potion of berserk rage
 M - a potion of experience {unknown}
 R - 2 potions of lignification {unknown}
Comestibles
 c - 9 rations


   Skills:
 + Level 7.3 Fighting
 + Level 10.3 Axes
 + Level 6.9 Armour
 - Level 0.7 Dodging
 * Level 6.8 Invocations


You had 8 spell levels left.
You didn't know any spells.
Your spell library was empty.

Dungeon Overview and Level Annotations

Branches:
Dungeon (7/15)             Temple (1/1) D:4

Altars:
Ashenzari
Dithmenos
Elyvilon
Fedhas
Hepliaklqana
Kikubaaqudgha
Makhleb
Nemelex Xobeh
Okawaru
Qazlal
Ru
Sif Muna
Trog
Uskayaw
Vehumet
Wu Jian
Xom
Yredelemnul
Zin
The Shining One

Annotations:
D:3 2 transporters


Message History

You hit the bullfrog.
The bullfrog is severely wounded.
You slash the killer bee!
You kill the killer bee!
Lugonu accepts your kill.
You closely miss the adder.
* * * LOW HITPOINT WARNING * * *
You feel sick. The adder bites you but does no damage.
The killer bee stings you but does no damage.
The bullfrog releases a deep croak.
The bullfrog hits you but does no damage.
A goblin comes into view.
The adder bites you but does no damage.
The goblin shouts!
You hit the bullfrog.
The bullfrog is severely wounded.
You miss the killer bee. You miss the adder.
* * * LOW HITPOINT WARNING * * *
You feel sick. The killer bee closely misses you. The bullfrog hits you.
You die...

# #.
#.########.#
##...<......#
+.....#######
#####F# #@#
#Sy#


##yly .#y# ...o. ..o#l. ... ... .#._ #g You could see a bullfrog, an iguana, 4
killer bees, an orc wizard, an adder, an orc, a leopard gecko and a goblin.

Vanquished Creatures
  Eustachio (D:4)
  Duvessa (D:6)
  2 water moccasins
  2 orc warriors (D:6)
  2 sky beasts
  An ice beast (D:6)
  3 phantoms
  2 ogres (D:4)
  A centaur (D:5)
  A bullfrog (D:6)
  A water moccasin zombie (D:6)
  Dowan (D:6)
  A killer bee (D:7)
  A howler monkey (D:6)
  A crimson imp (D:6)
  2 hounds (D:5)
  2 jellies
  An orc priest (D:4)
  3 orc wizards
  A worker ant (D:6)
  A hound zombie (D:5)
  4 gnolls
  5 adders
  3 shadow imps
  An ooze (D:2)
  2 adder zombies (D:5)
  An adder skeleton (D:4)
  3 worms
  4 dart slugs
  5 leopard geckos
  17 orcs
  3 giant cockroaches
  6 goblins
  9 hobgoblins
  9 jackals
  7 kobolds
  3 quokkas
  7 bats
  4 frilled lizards
  A leopard gecko zombie (D:6)
  2 quokka skeletons
  7 rats
  16 fungi (D:5)
150 creatures vanquished.

Vanquished Creatures (others)
  A gnoll (D:4)
1 creature vanquished.

Grand Total: 151 creatures vanquished

Notes
Turn   | Place    | Note
-------+----------+-------------------------------------------
     0 | Abyss:1  | grot the Hill Orc Abyssal Knight began the quest for the
                  | Orb.
     0 | Abyss:1  | Reached XP level 1. HP: 19/19 MP: 2/2
    52 | Abyss:1  | Noticed a tentacled starspawn
    53 | D:1      | Escaped the Abyss
   240 | D:1      | Reached skill level 3 in Axes
   363 | D:1      | Reached XP level 2. HP: 24/27 MP: 3/3
   377 | D:1      | Reached * piety under Lugonu
   911 | D:1      | Reached XP level 3. HP: 33/34 MP: 4/4
  1542 | D:3      | Reached XP level 4. HP: 13/41 MP: 5/5
  1757 | D:2      | Reached skill level 4 in Axes
  2042 | D:2      | Found a white marble altar of Elyvilon.
  2044 | D:2      | Found a shimmering altar of Xom.
  2044 | D:2      | Found a shimmering altar of Xom.
  2046 | D:2      | Found a shattered altar of Ashenzari.
  2046 | D:2      | Found a deep blue altar of Sif Muna.
  2046 | D:2      | Found a hazy altar of Hepliaklqana.
  2161 | D:2      | Reached ** piety under Lugonu
  2751 | D:3      | Reached XP level 5. HP: 42/47 MP: 6/6
  2829 | D:3      | Found a transporter.
  2864 | D:3      | Found a transporter.
  3152 | D:4      | Noticed an ogre
  3166 | D:4      | Killed an ogre
  3166 | D:4      | Reached skill level 5 in Axes
  3179 | D:4      | Reached skill level 5 in Fighting
  3179 | D:4      | Reached XP level 6. HP: 19/56 MP: 8/8
  3418 | D:4      | Noticed Eustachio
  3562 | D:4      | Found a shimmering altar of Xom.
  3710 | D:5      | Entered Level 5 of the Dungeon
  3710 | D:5      | Noticed a sky beast
  4381 | D:3      | Killed a sky beast
  4559 | D:4      | Found a staircase to the Ecumenical Temple.
  4723 | Temple   | Entered the Ecumenical Temple
  5230 | D:4      | Killed Eustachio
  5230 | D:4      | Reached skill level 6 in Axes
  5230 | D:4      | Reached skill level 5 in Armour
  5230 | D:4      | Reached XP level 7. HP: 55/61 MP: 8/10
  5495 | D:4      | Reached skill level 7 in Axes
  5685 | D:4      | Reached *** piety under Lugonu
  7029 | D:5      | Reached XP level 8. HP: 62/70 MP: 11/11
  7052 | D:6      | Reached skill level 5 in Invocations
  7289 | D:5      | Found a sparkling altar of Nemelex Xobeh.
  7323 | D:5      | Reached skill level 8 in Axes
  7390 | D:6      | Noticed Duvessa
  8314 | D:5      | Reached skill level 9 in Axes
  8506 | D:6      | Reached XP level 9. HP: 57/78 MP: 13/13
  8836 | D:6      | Reached skill level 10 in Axes
  8844 | D:6      | Noticed Dowan
  8860 | D:6      | Killed Dowan
  8875 | D:6      | Killed Duvessa
  9906 | D:7      | Found a radiant altar of Vehumet.
  9912 | D:7      | HP: 3/79 [killer bee (3)]
  9914 | D:7      | Slain by a bullfrog

Skill      XL: |  1  2  3  4  5  6  7  8  9 |
---------------+----------------------------+-----
Axes           | 3 4 5 6 7 9 10 | 10.3
Fighting       | 4 5 6 7 |  7.3
Armour         | 3 4 5 6 |  6.9
Invocations    | 3 4 6 |  6.8
Dodging        | |  0.7

Action                   |  1- 3 |  4- 6 |  7- 9 || total
-------------------------+-------+-------+-------++-------
Melee: Hand axe          |   121 |   102 |       ||   223
       War axe           |       |   113 |   379 ||   492
Invok: Depart the Abyss  |     1 |       |       ||     1
       Bend Space        |       |       |     6 ||     6
       Banish            |       |       |     1 ||     1
  Use: Scroll            |       |     8 |     8 ||    16
       Potion            |       |     2 |     7 ||     9
  Eat: Chunk             |     1 |     5 |     8 ||    14
       Ration            |     1 |     1 |     2 ||     4
Armor: Scale mail        |    78 |   185 |   201 ||   464
Dodge: Dodged            |    83 |   198 |   182 ||   463
